 Dungeon Crawl Stone Soup version 0.27.1 (webtiles) character file.

Game seed: 16140732503160338634

2267 Malachi the Spear-Bearer (level 9, -3/71 HPs)
             Began as a Demonspawn Monk on Aug 25, 2021.
             Slain by an unseen horror (5 damage)
             ... on level 7 of the Dungeon.
             The game lasted 00:12:13 (10853 turns).

Malachi the Spear-Bearer (Demonspawn Monk)         Turns: 10853, Time: 00:12:13

Health: -3/71      AC: 21    Str: 12 (13) XL:     9   Next: 16%
Magic:  9/9        EV: 27    Int: 10 (13) God:
Gold:   260        SH:  4    Dex: 14 (16) Spells: 8/8 levels left

rFire    . . .     SeeInvis .   w - +1 trident (freeze)
rCold    . . .     Faith    .   (no shield)
rNeg     . . .     Spirit   .   d - +1 ring mail
rPois    +         Reflect  .   c - +2 helmet
rElec    .         Harm     .   (no cloak)
rCorr    .         Rampage  .   v - +0 pair of gloves
Will     .....                  (no boots)
Stlth    +.........             t - amulet of the acrobat
HPRegen  0.21/turn              p - +4 ring of protection
MPRegen  0.11/turn              x - ring of poison resistance

@: acrobatic
A: claws 2, icy blue scales 2, icemail 1, powered by pain 1, condensation shield
a: no special abilities


You were on level 7 of the Dungeon.
You visited 1 branch of the dungeon, and saw 7 of its levels.
You also visited: Sewer.

You collected 260 gold pieces.

Inventory:

Hand Weapons
 a - a +3 spear
 w - a +1 trident of freezing (weapon)
Armour
 b - a +0 kite shield
 c - a +2 helmet (worn)
 d - a +1 ring mail (worn)
 v - a +0 pair of gloves (worn)
 y - a +0 pair of boots
Magical Staves
 j - a staff of poison
Jewellery
 p - a +4 ring of protection (left hand)
 r - the ring "Sef Elo" {Fire Dex+2}
   (You found it on level 5 of the Dungeon)

   [ring of fire]

   It enhances your fire magic.
   Dex:       It affects your dexterity (+2).
   rF:        It protects you from fire.
   rC:        It makes you vulnerable to cold.
 s - a +6 ring of intelligence
 t - an amulet of the acrobat (around neck)
 x - a ring of poison resistance (right hand)
Wands
 i - a wand of polymorph (8)
Scrolls
 h - 2 scrolls of enchant armour
 m - a scroll of teleportation
 q - 3 scrolls of identify
 u - a scroll of blinking
Potions
 e - a potion of flight
 f - a potion of mutation
 o - 2 potions of haste


   Skills:
 + Level 6.8 Fighting
 * Level 8.4 Polearms
 + Level 6.2 Dodging
 - Level 1.8 Stealth


You had 8 spell levels left.
You didn't know any spells.
Your spell library contained the following spells:

 Spells                   Type           Power      Damage    Failure   Level
 Corpse Rot               Necr/Air       N/A        N/A       78%         2
 Poisonous Vapours        Pois/Air       0%         N/A       78%         2
 Call Canine Familiar     Summ           0%         N/A       95%         3
 Gell's Gravitas          Tloc           0%         N/A       95%         3
 Portal Projectile        Hex/Tloc       0%         N/A       95%         3
 Teleport Other           Tloc           0%         N/A       95%         3
 Leda's Liquefaction      Hex/Erth       0%         N/A       100%        4
 Freezing Cloud           Conj/Ice/Air   0%         6-21      100%        5
 Dispersal                Tloc           0%         N/A       100%        6


Dungeon Overview and Level Annotations

Branches:
Dungeon (7/15)              Sewer (visited)
 Temple: D:4-7

Altars:
Wu Jian

Annotations:
D:2 1 runed translucent door, Crazy Yiuf, Sigmund
D:7 Harold


Innate Abilities, Weirdness & Mutations

You have very sharp fingernails.
You are mostly covered in icy blue scales. (AC +3)
A meltable icy envelope protects you from harm. (AC +4)
You sometimes gain a little power by taking damage.
A meltable shield of frost defends you. (SH +4)


Message History

The shadow imp gestures at you.
You struggle to resist.
The gnoll completely misses you. The gnoll sergeant barely misses you.
The orc hits you but does no damage.
You hit the orc. You freeze the orc.
The orc is almost dead.
Your surroundings suddenly seem different.
A kobold demonologist comes into view. It is wielding a +0 dagger.
Found a leather armour.
The kobold demonologist shouts!
Something completely misses you. x2
Something barely misses you.
The kobold demonologist looks braver for a moment.
Something barely misses you. Something hits you.
* * * LOW HITPOINT WARNING * * *
Deactivating autopickup; reactivate with Ctrl-A.
The kobold demonologist mumbles some strange words.
Something completely misses you. Something misses you.
Something hits you but does no damage.
The kobold demonologist gestures wildly while chanting.
Harold the Weathered comes into view.
He is wielding a +0 battleaxe.
Something barely misses you.
The kobold demonologist mumbles some strange words.
Harold shouts!
Something misses you. Something closely misses you.
Something barely misses you. Something hits you.
* * * LOW HITPOINT WARNING * * *
Something hits you but does no damage. Something misses you.
Something misses you.
The kobold demonologist looks encouraged for a moment.
Something closely misses you.
Found a potion of flight.
Something misses you. Something hits you.
* * * LOW HITPOINT WARNING * * *
Something barely misses you. Something closely misses you. Something hits you.
You die...

...............
....5..........
.4.............
###...K.#...... #
#####45# ##.. ####
##.### #...##...
#.4.### ## ........o
.# ###...#####..#
...!..... . .
###....@..!# .........
###.... #
#######...............
.........
..#..........) ..
..#.# .# ... .Z...#...
#####.#.#####.......
.......####.
...##.#.............
..^......o.
...#..........#.....
..........
.................>..
.........
..............#.....
........


You could see a hellwing (summoned).

Vanquished Creatures
  Menkaure (D:5)
  A water moccasin (D:7)
  2 ice beasts
  A black bear (D:7)
  A sky beast (D:6)
  2 necrophages
  3 ogres
  A gnoll sergeant (D:6)
  2 scorpions (D:6)
  2 water moccasin skeletons
  A bullfrog zombie (D:5)
  A centaur zombie (D:6)
  A jelly (D:7)
  A centaur skeleton (D:5)
  2 hounds
  4 orc priests
  A bullfrog skeleton (D:4)
  A gnoll shaman (D:5)
  6 iguanas
  2 scorpion zombies (D:5)
  20 gnolls
  6 adders
  6 river rats (Sewer)
  2 white imps
  An ufetubus (D:5)
  3 worms
  3 dart slugs
  13 orcs
  5 bats
  5 endoplasms
  2 giant cockroaches
  9 goblins
  9 hobgoblins
  4 jackals (D:4)
  3 kobolds
  2 quokkas
  11 ball pythons
  11 frilled lizards
  5 rats
156 creatures vanquished.

Vanquished Creatures (others)
  A fungus (D:2)
1 creature vanquished.

Grand Total: 157 creatures vanquished

Notes
Turn   | Place    | Note
-------+----------+-------------------------------------------
     0 | D:1      | Malachi the Demonspawn Monk began the quest for the Orb.
     0 | D:1      | Reached XP level 1. HP: 18/18 MP: 1/1
   276 | D:1      | Gained mutation: A meltable shield of frost defends you.
                  | (SH +4) [demonic ancestry]
   276 | D:1      | Reached XP level 2. HP: 8/24 MP: 2/2
   815 | D:1      | Reached skill level 3 in Polearms
  1470 | D:1      | Gained mutation: You have sharp fingernails. [demonic
                  | ancestry]
  1470 | D:1      | Reached XP level 3. HP: 22/29 MP: 3/3
  1926 | D:2      | Found a faded altar of an unknown god.
  2008 | D:2      | Noticed Sigmund
  2581 | D:2      | Found a runed translucent door.
  2582 | D:2      | Noticed Crazy Yiuf
  3646 | D:4      | Gained mutation: A meltable icy envelope protects you from
                  | harm. (AC +4) [demonic ancestry]
  3646 | D:4      | Reached XP level 4. HP: 35/35 MP: 4/4
  3647 | D:4      | Found a glowing drain.
  3682 | Sewer    | Entered a sewer
  4407 | Sewer    | Reached skill level 4 in Polearms
  4662 | Sewer    | Gained mutation: You are partially covered in icy blue
                  | scales. (AC +2) [demonic ancestry]
  4662 | Sewer    | Reached XP level 5. HP: 42/42 MP: 5/5
  5169 | D:4      | Found an ornate altar of the Wu Jian Council.
  5250 | D:4      | Gained mutation: You are mostly covered in icy blue scales.
                  | (AC +3) [demonic ancestry]
  5250 | D:4      | Reached XP level 6. HP: 38/48 MP: 6/6
  5347 | D:4      | Reached skill level 5 in Polearms
  5898 | D:5      | Entered Level 5 of the Dungeon
  6002 | D:5      | Reached XP level 7. HP: 28/55 MP: 7/7
  6430 | D:5      | Reached skill level 5 in Fighting
  6711 | D:5      | Identified the ring "Sef Elo" {Fire Dex+2}
  7437 | D:5      | Reached skill level 6 in Polearms
  7561 | D:5      | Noticed Menkaure
  7867 | D:6      | Reached skill level 5 in Dodging
  7867 | D:6      | Gained mutation: You sometimes gain a little power by
                  | taking damage. [demonic ancestry]
  7867 | D:6      | Reached XP level 8. HP: 53/63 MP: 8/8
  8076 | D:6      | Reached skill level 7 in Polearms
  9967 | D:5      | Killed Menkaure
  9968 | D:5      | Reached skill level 8 in Polearms
 10110 | D:5      | You fall into a shaft and drop 2 floors!
 10129 | D:7      | Gained mutation: You have very sharp fingernails. [demonic
                  | ancestry]
 10129 | D:7      | Reached XP level 9. HP: 62/71 MP: 9/9
 10835 | D:7      | Noticed a kobold demonologist
 10840 | D:7      | Noticed a hellwing
 10842 | D:7      | Noticed Harold
 10843 | D:7      | Noticed a hellwing
 10850 | D:7      | HP: 2/71 [something (5)]
 10853 | D:7      | Slain by an unseen horror

Illustrated notes

Levels and vault maps discovered:
D:1:      ebering_trefoil_3fold, layout_basic, chequers_serial_rivers_micro_c,
          minmay_misc_feat_more_columns
D:2:      layout_basic, hellmonk_ecumenical_altar_leap_of_faith, minivault_23,
          uniq_sigmund, uniq_crazy_yiuf_cottage
D:3:      layout_loops_ring, minivault_5, corexii_corridor_pit
D:4:      layout_basic, nzn_wu_jian_contemplation, cheibrodos_sewer_entry_bend
D:5:      layout_basic, minmay_chambers_of_fives, uniq_menkaure
D:6:      layout_basic
D:7:      layout_rooms, minmay_temple_entry_statues, uniq_harold

Skill      XL: |  1  2  3  4  5  6  7  8 |
---------------+-------------------------+-----
Polearms       | 3 4 5 6 8 |  8.4
Dodging        | 3 4 5 6 |  6.2
Fighting       | 4 5 6 |  6.8
Stealth        | |  1.8

Action                   |  1- 3 |  4- 6 |  7- 9 || total
-------------------------+-------+-------+-------++-------
Melee: Spear             |   172 |   259 |   324 ||   755
       Trident           |       |       |   140 ||   140
Evoke: Wand              |       |       |     2 ||     2
  Use: Scroll            |     8 |     5 |     5 ||    18
       Potion            |     1 |       |     6 ||     7
 Stab: Sleeping          |    11 |     2 |     1 ||    14
       Distracted        |       |     1 |     1 ||     2
Armor: Robe              |    17 |       |       ||    17
       Skin              |    17 |       |       ||    17
       Ring mail         |     1 |    74 |   183 ||   258
Dodge: Dodged            |    60 |    95 |   235 ||   390
Block: Other             |    19 |    21 |    97 ||   137
